AoeStats
← marius.zwei91

Arabia

510360872Analyzed
1v1 RM · 2d ago on Sep 30, 2026· 42m 53s· 2 players
Game mode
Random Map
Map size
Tiny (2 player)
Population
200
Speed
Normal
Resources
Standard
Victory
Conquest
Starting age
Dark Age
Ending age
Imperial Age
RankedLock teamsTeams togetherTeam positionsShared explorationLock speedFull tech treeHidden civsTurbo modeCheats
Victory
Defeat
🇩🇪 Slavs · Germany
767
+17
🇲🇽 Spanish · Mexico
790
-17
marius.zwei91
9:23 Loom
12:42 Feudal Age
17:40 Castle Age
17:02 Fletching
18:12 Crossbowman
22:58 Pikeman
26:04 Forging
27:04 Scale Mail Armor
33:24 Imperial Age
33:08 Squires
33:44 Elite Skirmisher
rafael.alatorrer
4:25 Loom
10:48 Feudal Age
20:01 Castle Age
18:31 Double-Bit Axe
20:38 Bloodlines
21:30 Bow Saw
24:22 Husbandry
25:03 Horse Collar
28:28 Forging
28:18 Scale Mail Armor
34:32 Wheelbarrow
36:00 Hand Cart
37:00 Iron Casting
42:24 Imperial Age
42:27 Cavalier
Connection lost

Rejoining the realm…

Still unreachable

The connection could not be restored.

Session expired

The server has moved on; the page needs a fresh start.